River Rats vs Wolves
(R1)
Created - 2 mai 2013 at 22:49
Goals
|
| River Rats |
1 |
1 |
0 |
2 |
| Wolves |
0 |
4 |
0 |
4 |
|
Shots
|
| River Rats |
9 |
13 |
7 |
29 |
| Wolves |
6 |
21 |
9 |
36 |
|
1st period
1. River Rats , Vladimir Orszagh 13 (Andy Greene) at 11:05
Penalties :
Marc-André Gragnani (Min) for Hooking (Minor) at 3:31, Matt Jones (Alb) for Slashing (Minor) at 7:08, Nate Guenin (Min) for Slashing (Minor) at 15:18
2nd period
2. Wolves , Philippe Boucher 16 (Mike Zigomanis, Bruno Gervais) at 6:30 (PP)
3. Wolves , Dan Fritsche 6 (Ethan Moreau, Bruno Gervais) at 7:11
4. Wolves , Rich Peverley 13 (Alexander Perezhogin, Philippe Boucher) at 11:25
5. River Rats , Jonathan Ericsson 10 (Lee Stempniak, Tyler Bozak) at 12:10
6. Wolves , Geoff Sanderson 36 (Rich Peverley, Chris Neil) at 14:52
Penalties :
Mikael Renberg (Alb) for Holding (Minor) at 5:32, Matt Gilroy (Min) for Interference (Minor) at 10:22, Dustin Boyd (Alb) for Cross-checking (Minor) at 10:22, Martin Grenier (Alb) for Interference (Minor) at 18:07
3rd period
No Goal
Penalties :
Matt Gilroy (Min) for Holding (Minor) at 2:58, Trent Hunter (Alb) for Interference (Minor) at 2:58, Chris Mcallister (Alb) for Interference (Minor) at 5:37, Andy Greene (Alb) for Holding (Minor) at 10:59, Martin Grenier (Alb) for Interference (Minor) at 16:09
Goalie Stats
Barry Brust (Alb), 32 saves from 36 shots - (0,889), L, 17-8-4, 60:00 minutes
Julien Ellis (Min), 27 saves from 29 shots - (0,931), W, 29-26-3, 60:00 minutes
Players Stats for River Rats
Player Name G A P +/- PIM S H SB GA TA FO MP PP MP PK MP
------------------------------------------------------------------------------------
Andrej Meszaros 0 0 0 0 0 0 2 3 0 0 0/0 21:30 2:11 0:25
Andy Greene 0 1 1 -1 2 1 3 0 0 1 0/0 25:32 1:47 4:25
Benn Ferriero 0 0 0 1 0 2 0 0 0 0 1/6 9:23 0:00 0:16
Brett Maclean 0 0 0 -2 0 0 0 0 0 0 1/2 12:15 2:08 0:42
Bryan Bickell 0 0 0 -1 0 1 0 0 0 0 0/1 10:32 0:00 1:14
Chris Mcallister 0 0 0 -1 2 1 4 2 0 1 1/2 16:39 1:49 0:56
Dustin Boyd 0 0 0 0 2 2 0 1 1 0 10/18 18:53 1:41 3:20
Jay Beagle 0 0 0 1 0 0 1 0 1 0 0/0 10:22 0:09 0:00
Jonathan Ericsson 1 0 1 1 0 5 3 2 0 1 0/0 25:16 2:11 6:20
Kyle Chipchura 0 0 0 0 0 0 0 0 0 0 7/13 14:32 0:00 5:48
Lee Stempniak 0 1 1 1 0 7 2 0 1 0 0/3 22:24 2:08 4:36
Martin Grenier 0 0 0 0 4 1 1 1 0 0 0/0 18:23 1:47 2:35
Matt Jones 0 0 0 -1 2 1 1 0 2 1 0/0 15:42 0:00 4:03
Mikael Renberg 0 0 0 -2 2 1 1 0 0 1 0/1 18:45 1:41 4:45
Niklas Hjalmarsson 0 0 0 -1 0 0 0 2 0 0 0/0 13:14 0:00 3:13
Trent Hunter 0 0 0 0 2 0 0 0 0 0 1/1 5:43 0:00 0:00
Tyler Bozak 0 1 1 -1 0 2 1 0 1 2 10/21 15:36 2:08 0:47
Vladimir Orszagh 1 0 1 1 0 5 2 0 0 1 0/0 10:20 0:10 0:07
Players Stats for Wolves
Player Name G A P +/- PIM S H SB GA TA FO MP PP MP PK MP
------------------------------------------------------------------------------------
Alexander Perezhogin 0 1 1 1 0 4 0 0 1 0 4/5 19:26 6:12 0:00
Bruno Gervais 0 2 2 0 0 1 1 3 0 3 0/0 29:11 6:49 2:22
Chris Neil 0 1 1 1 0 0 3 0 2 0 1/1 16:27 4:41 1:44
Cody McLeod 0 0 0 0 0 0 0 0 1 0 0/0 10:15 0:00 0:32
Dan Fritsche 1 0 1 0 0 6 4 0 0 0 3/10 15:59 4:39 1:46
Ethan Moreau 0 1 1 0 0 1 1 0 1 0 1/1 11:01 0:00 1:42
Geoff Sanderson 1 0 1 1 0 2 0 0 0 0 0/0 14:51 4:41 0:00
Jonas Junland 0 0 0 1 0 2 0 3 0 0 0/0 19:47 4:00 1:36
Marc-André Gragnani 0 0 0 0 2 3 0 0 0 0 0/0 17:09 4:04 1:29
Matt Gilroy 0 0 0 1 4 1 1 0 0 1 0/0 17:51 0:04 1:36
Mike Zigomanis 0 1 1 -1 0 1 0 0 0 0 18/35 22:13 6:12 0:28
Milan Bartovic 0 0 0 0 0 2 1 1 0 0 0/0 10:51 0:00 1:44
Nate Guenin 0 0 0 0 2 0 0 0 0 0 0/0 11:27 0:00 0:53
Nathan Davis 0 0 0 0 0 2 0 0 0 0 2/3 8:45 0:02 0:00
Philippe Boucher 1 1 2 0 0 3 0 3 2 0 0/0 26:06 6:49 0:00
Rich Peverley 1 1 2 2 0 2 2 0 0 2 6/9 10:42 0:00 0:00
Tim Crowder 0 0 0 0 0 2 1 0 0 0 0/0 8:22 0:00 0:00
Vyacheslav Kozlov 0 0 0 -1 0 4 2 0 1 0 2/4 21:37 6:12 0:00
3 Stars
1 - Rich Peverley (Min)
2 - Jonathan Ericsson (Alb)
3 - Philippe Boucher (Min)
Power Play
River Rats - 0 on 2 Attempt(s) - 0,00%
Wolves - 1 on 6 Attempt(s) - 16,67%
Penalty Kill
River Rats - 5 on 6 Attempt(s) - 83,33%
- Score 0 goal in Penalty Kill
Wolves - 2 on 2 Attempt(s) - 100,00%
- Score 0 goal in Penalty Kill
Official
Referees : Pochmara Brian and Furlatt Eric
Linesman : Michel Cormier and Jay Sharrers
Game Notes
No Game Note
River Rats
5 vs 5 Forward
Center Left Wing Right Wing Time % Phy DF OF
1 Dustin Boyd Chris Mcallister Lee Stempniak 40 0 2 3
2 Tyler Bozak Brett Maclean Mikael Renberg 30 0 2 3
3 Benn Ferriero Vladimir Orszagh Jay Beagle 20 1 2 2
4 Kyle Chipchura Bryan Bickell Trent Hunter 10 1 2 2
5 vs 5 Defense
Defense Defense Time % Phy DF OF
1 Andy Greene Andrej Meszaros 40 1 2 2
2 Jonathan Ericsson Martin Grenier 30 1 2 2
3 Matt Jones Niklas Hjalmarsson 20 1 2 2
4 Andy Greene Matt Jones 10 1 2 2
PowerPlay Forward
Center Left Wing Right Wing Time % Phy DF OF
1 Dustin Boyd Chris Mcallister Mikael Renberg 60 1 2 2
2 Tyler Bozak Brett Maclean Lee Stempniak 40 1 2 2
PowerPlay Defense
Defense Defense Time % Phy DF OF
1 Andrej Meszaros Jonathan Ericsson 60 1 2 2
2 Andy Greene Martin Grenier 40 1 2 2
Penalty Kill 4 Players Forward
Center Wing Time % Phy DF OF
1 Kyle Chipchura Mikael Renberg 60 1 2 2
2 Dustin Boyd Lee Stempniak 40 1 2 2
Penalty Kill 4 Players Defense
Defense Defense Time % Phy DF OF
1 Jonathan Ericsson Andy Greene 60 1 2 2
2 Matt Jones Martin Grenier 40 1 2 2
Penalty Kill - 3 Players Forward
Forward Time % Phy DF OF
1 Kyle Chipchura 60 1 2 2
2 Mikael Renberg 40 1 2 2
Penalty Kill - 3 Players Defense
Defense Defense Time % Phy DF OF
1 Martin Grenier Andy Greene 60 1 2 2
2 Matt Jones Jonathan Ericsson 40 1 2 2
4 vs 4 Forward
Center Wing Time % Phy DF OF
1 Tyler Bozak Lee Stempniak 60 1 2 2
2 Dustin Boyd Chris Mcallister 40 1 2 2
4 vs 4 Defense
Defense Defense Time % Phy DF OF
1 Andrej Meszaros Jonathan Ericsson 60 1 2 2
2 Matt Jones Niklas Hjalmarsson 40 1 2 2
Last Minutes Offensive
Center Left Wing Right Wing Defense Defense
Dustin Boyd Chris Mcallister Lee Stempniak Jonathan Ericsson Martin Grenier
Last Minutes Defensive
Center Left Wing Right Wing Defense Defense
Dustin Boyd Chris Mcallister Lee Stempniak Jonathan Ericsson Martin Grenier
Goaltenders
Starting : Barry Brust
Backup : Jeff Glass
Extra Forwards
Normal : Bryan Bickell, Brett Maclean, Vladimir Orszagh - PP : Vladimir Orszagh, Brett Maclean - PK : Lee Stempniak
Extra Defensemen
Normal : Niklas Hjalmarsson, Matt Jones, Andrej Meszaros - PP : Andy Greene - PK : Niklas Hjalmarsson, Andrej Meszaros
Penalty Shots
Lee Stempniak, Mikael Renberg, Dustin Boyd, Brett Maclean, Benn Ferriero
Wolves
5 vs 5 Forward
Center Left Wing Right Wing Time % Phy DF OF
1 Mike Zigomanis Vyacheslav Kozlov Alexander Perezhogin 40 0 1 4
2 Rich Peverley Geoff Sanderson Chris Neil 30 1 0 4
3 Dan Fritsche Ethan Moreau Milan Bartovic 20 1 1 3
4 Nathan Davis Cody McLeod Tim Crowder 10 2 1 2
5 vs 5 Defense
Defense Defense Time % Phy DF OF
1 Philippe Boucher Bruno Gervais 40 1 3 1
2 Matt Gilroy Jonas Junland 30 1 3 1
3 Marc-André Gragnani Nate Guenin 20 2 2 1
4 Philippe Boucher Bruno Gervais 10 1 3 1
PowerPlay Forward
Center Left Wing Right Wing Time % Phy DF OF
1 Mike Zigomanis Vyacheslav Kozlov Alexander Perezhogin 60 0 1 4
2 Dan Fritsche Geoff Sanderson Chris Neil 40 0 1 4
PowerPlay Defense
Defense Defense Time % Phy DF OF
1 Bruno Gervais Philippe Boucher 60 0 2 3
2 Jonas Junland Marc-André Gragnani 40 0 2 3
Penalty Kill 4 Players Forward
Center Wing Time % Phy DF OF
1 Dan Fritsche Ethan Moreau 60 2 3 0
2 Chris Neil Milan Bartovic 40 2 3 0
Penalty Kill 4 Players Defense
Defense Defense Time % Phy DF OF
1 Marc-André Gragnani Nate Guenin 60 3 2 0
2 Jonas Junland Matt Gilroy 40 3 2 0
Penalty Kill - 3 Players Forward
Forward Time % Phy DF OF
1 Ethan Moreau 60 2 3 0
2 Dan Fritsche 40 2 3 0
Penalty Kill - 3 Players Defense
Defense Defense Time % Phy DF OF
1 Marc-André Gragnani Nate Guenin 60 1 4 0
2 Jonas Junland Matt Gilroy 40 1 4 0
4 vs 4 Forward
Center Wing Time % Phy DF OF
1 Mike Zigomanis Vyacheslav Kozlov 60 1 1 3
2 Rich Peverley Alexander Perezhogin 40 1 1 3
4 vs 4 Defense
Defense Defense Time % Phy DF OF
1 Philippe Boucher Matt Gilroy 60 1 3 1
2 Bruno Gervais Marc-André Gragnani 40 1 3 1
Last Minutes Offensive
Center Left Wing Right Wing Defense Defense
Mike Zigomanis Vyacheslav Kozlov Alexander Perezhogin Marc-André Gragnani Matt Gilroy
Last Minutes Defensive
Center Left Wing Right Wing Defense Defense
Mike Zigomanis Ethan Moreau Chris Neil Nate Guenin Bruno Gervais
Goaltenders
Starting : Julien Ellis
Backup : Loïc Lacasse
Extra Forwards
Normal : Vyacheslav Kozlov, Alexander Perezhogin, Mike Zigomanis - PP : Vyacheslav Kozlov, Alexander Perezhogin - PK : Ethan Moreau
Extra Defensemen
Normal : Philippe Boucher, Bruno Gervais, Matt Gilroy - PP : Philippe Boucher - PK : Bruno Gervais, Nate Guenin
Penalty Shots
Chris Neil, Vyacheslav Kozlov, Geoff Sanderson, Ethan Moreau, Alexander Perezhogin
% Time on Ice - River Rats
Lines # - Real PCT - Wanted PCT - Time Play
Normal Forward
1 - 39% - 40% - 15:58
2 - 25% - 30% - 10:25
3 - 22% - 20% - 9:05
4 - 14% - 10% - 5:43
Normal Defense
1 - 42% - 40% - 17:07
2 - 34% - 30% - 13:53
3 - 21% - 20% - 8:27
4 - 4% - 10% - 1:44
PP Forward
1 - 46% - 60% - 1:50
2 - 54% - 40% - 2:08
PP Defense
1 - 55% - 60% - 2:11
2 - 45% - 40% - 1:47
PK Forward
1 - 64% - 60% - 6:56
2 - 36% - 40% - 3:57
PK Defense
1 - 51% - 60% - 5:35
2 - 49% - 40% - 5:18
PK3 Forward
1 - 0% - 60%
2 - 0% - 40%
PK3 Defense
1 - 0% - 60%
2 - 0% - 40%
44 Forward
1 - 74% - 60% - 2:55
2 - 26% - 40% - 1:03
44 Defense
1 - 71% - 60% - 2:48
2 - 29% - 40% - 1:10
Last Minute Offensive - 0:00
Last Minute Defensive - 0:00
Total
Forward - 60:00
Defense - 60:00
|
% Time on Ice - Wolves
Lines # - Real PCT - Wanted PCT - Time Play
Normal Forward
1 - 34% - 40% - 14:04
2 - 26% - 30% - 10:35
3 - 20% - 20% - 8:10
4 - 20% - 10% - 8:22
Normal Defense
1 - 40% - 40% - 16:24
2 - 39% - 30% - 15:52
3 - 18% - 20% - 7:22
4 - 4% - 10% - 1:33
PP Forward
1 - 57% - 60% - 6:12
2 - 43% - 40% - 4:41
PP Defense
1 - 63% - 60% - 6:49
2 - 37% - 40% - 4:04
PK Forward
1 - 56% - 60% - 2:14
2 - 44% - 40% - 1:44
PK Defense
1 - 60% - 60% - 2:22
2 - 40% - 40% - 1:36
PK3 Forward
1 - 0% - 60%
2 - 0% - 40%
PK3 Defense
1 - 0% - 60%
2 - 0% - 40%
44 Forward
1 - 88% - 60% - 3:29
2 - 12% - 40% - 0:29
44 Defense
1 - 89% - 60% - 3:31
2 - 11% - 40% - 0:27
Last Minute Offensive - 0:00
Last Minute Defensive - 0:00
Total
Forward - 60:00
Defense - 60:00
|
Play by Play
1st period
0:01 of 1st period - Dustin Boyd wins face-off versus Mike Zigomanis in neutral zone.
0:06 of 1st period - Snap shot by Lee Stempniak.
0:06 of 1st period - Stopped by Julien Ellis without a rebound.
0:07 of 1st period - Mike Zigomanis wins face-off versus Chris Mcallister in Wolves zone.
0:17 of 1st period - Slapshot by Vyacheslav Kozlov.
0:17 of 1st period - Stopped by Barry Brust with a rebound.
0:19 of 1st period - Snap shot by Mike Zigomanis.
0:19 of 1st period - Stopped by Barry Brust with a rebound.
0:59 of 1st period - Wrist shot by Vladimir Orszagh.
0:59 of 1st period - Deflect By Benn Ferriero.
0:59 of 1st period - Stopped by Julien Ellis without a rebound.
1:00 of 1st period - Nathan Davis wins face-off versus Benn Ferriero in Wolves zone.
1:24 of 1st period - Vladimir Orszagh is hit by Dan Fritsche and loses puck.
1:45 of 1st period - Jonas Junland is hit by Chris Mcallister and loses puck.
3:31 of 1st period - Minor Penalty to Marc-André Gragnani for Hooking.
3:32 of 1st period - Dustin Boyd wins face-off versus Dan Fritsche in Wolves zone.
3:43 of 1st period - Snap shot by Dustin Boyd.
3:43 of 1st period - Shot Misses the Net.
4:00 of 1st period - Off-side.
4:01 of 1st period - Chris Neil wins face-off versus Tyler Bozak in neutral zone.
4:04 of 1st period - Slapshot by Jonas Junland.
4:04 of 1st period - Stopped by Barry Brust with a rebound.
4:20 of 1st period - Slapshot by Lee Stempniak.
4:20 of 1st period - Shot Blocked by Milan Bartovic.
4:40 of 1st period - Slapshot by Andrej Meszaros.
4:40 of 1st period - Shot Blocked by Jonas Junland.
4:42 of 1st period - Slapshot by Andrej Meszaros.
4:42 of 1st period - Shot Misses the Net.
4:44 of 1st period - Slapshot by Jonathan Ericsson.
4:44 of 1st period - Stopped by Julien Ellis with a rebound.
4:46 of 1st period - Slapshot by Jonathan Ericsson.
4:46 of 1st period - Stopped by Julien Ellis with a rebound.
5:00 of 1st period - Snap shot by Brett Maclean.
5:00 of 1st period - Shot Misses the Net.
5:02 of 1st period - Snap shot by Lee Stempniak.
5:02 of 1st period - Shot Misses the Net.
5:04 of 1st period - Wrist shot by Lee Stempniak.
5:04 of 1st period - Shot Misses the Net.
5:06 of 1st period - Snap shot by Lee Stempniak.
5:06 of 1st period - Stopped by Julien Ellis without a rebound.
5:07 of 1st period - Dustin Boyd wins face-off versus Dan Fritsche in Wolves zone.
5:31 of 1st period - Penalty to Marc-André Gragnani is over, Marc-André Gragnani is back on ice.
6:11 of 1st period - Wrist shot by Mikael Renberg.
6:11 of 1st period - Shot Misses the Net.
6:13 of 1st period - Snap shot by Chris Mcallister.
6:13 of 1st period - Deflect By Dustin Boyd.
6:13 of 1st period - Shot Misses the Net.
6:13 of 1st period - Puck is out of play.
6:14 of 1st period - Mike Zigomanis wins face-off versus Benn Ferriero in Wolves zone.
6:29 of 1st period - Slapshot by Vyacheslav Kozlov.
6:29 of 1st period - Shot Hit the Post.
6:36 of 1st period - Icing by Vladimir Orszagh.
6:37 of 1st period - Trent Hunter wins face-off versus Rich Peverley in River Rats zone.
7:08 of 1st period - Minor Penalty to Matt Jones for Slashing.
7:09 of 1st period - Mike Zigomanis wins face-off versus Kyle Chipchura in River Rats zone.
7:49 of 1st period - Off-side.
7:50 of 1st period - Mike Zigomanis wins face-off versus Kyle Chipchura in neutral zone.
8:06 of 1st period - Snap shot by Chris Neil.
8:06 of 1st period - Deflect By Geoff Sanderson.
8:06 of 1st period - Shot Misses the Net.
8:06 of 1st period - Puck is out of play.
8:07 of 1st period - Kyle Chipchura wins face-off versus Dan Fritsche in River Rats zone.
8:32 of 1st period - Lee Stempniak is hit by Bruno Gervais and loses puck.
9:08 of 1st period - Penalty to Matt Jones is over, Matt Jones is back on ice.
9:34 of 1st period - Dan Fritsche is hit by Chris Mcallister and loses puck.
10:05 of 1st period - Slapshot by Alexander Perezhogin.
10:05 of 1st period - Stopped by Barry Brust without a rebound.
10:06 of 1st period - Dustin Boyd wins face-off versus Mike Zigomanis in River Rats zone.
10:06 of 1st period - Dustin Boyd is hit by Vyacheslav Kozlov.
10:28 of 1st period - Wrist shot by Vyacheslav Kozlov.
10:28 of 1st period - Deflect By Alexander Perezhogin.
10:28 of 1st period - Shot Blocked by Jonathan Ericsson.
10:28 of 1st period - Puck is out of play.
10:29 of 1st period - Rich Peverley wins face-off versus Tyler Bozak in River Rats zone.
11:03 of 1st period - Wrist shot by Andy Greene.
11:03 of 1st period - Shot Blocked by Philippe Boucher.
11:05 of 1st period - Snap shot by Vladimir Orszagh.
11:05 of 1st period - Goal by Vladimir Orszagh - River Rats : 1 - Wolves : 0.
11:06 of 1st period - Mike Zigomanis wins face-off versus Tyler Bozak in neutral zone.
11:10 of 1st period - Off-side.
11:11 of 1st period - Vyacheslav Kozlov wins face-off versus Tyler Bozak in neutral zone.
11:38 of 1st period - Slapshot by Dustin Boyd.
11:38 of 1st period - Shot Blocked by Philippe Boucher.
12:00 of 1st period - Wrist shot by Trent Hunter.
12:00 of 1st period - Shot Blocked by Bruno Gervais.
12:29 of 1st period - Icing by Matt Gilroy.
12:30 of 1st period - Dustin Boyd wins face-off versus Nathan Davis in Wolves zone.
12:41 of 1st period - Wrist shot by Lee Stempniak.
12:41 of 1st period - Stopped by Julien Ellis with a rebound.
12:43 of 1st period - Slapshot by Andrej Meszaros.
12:43 of 1st period - Shot Blocked by Jonas Junland.
12:45 of 1st period - Snap shot by Chris Mcallister.
12:45 of 1st period - Stopped by Julien Ellis with a rebound.
13:03 of 1st period - Slapshot by Vladimir Orszagh.
13:03 of 1st period - Shot Misses the Net.
13:43 of 1st period - Backhand shot by Geoff Sanderson.
13:43 of 1st period - Shot Misses the Net.
13:45 of 1st period - Slapshot by Marc-André Gragnani.
13:45 of 1st period - Stopped by Barry Brust with a rebound.
13:47 of 1st period - Slapshot by Nate Guenin.
13:47 of 1st period - Deflect By Geoff Sanderson.
13:47 of 1st period - Shot Misses the Net.
13:47 of 1st period - Puck is out of play.
13:48 of 1st period - Brett Maclean wins face-off versus Mike Zigomanis in River Rats zone.
15:09 of 1st period - Snap shot by Cody McLeod.
15:09 of 1st period - Deflect By Tim Crowder.
15:09 of 1st period - Stopped by Barry Brust without a rebound.
15:10 of 1st period - Dustin Boyd wins face-off versus Mike Zigomanis in River Rats zone.
15:10 of 1st period - Dustin Boyd is hit by Vyacheslav Kozlov.
15:18 of 1st period - Snap shot by Lee Stempniak.
15:18 of 1st period - Stopped by Julien Ellis without a rebound.
15:18 of 1st period - Minor Penalty to Nate Guenin for Slashing.
15:19 of 1st period - Ethan Moreau wins face-off versus Dustin Boyd in Wolves zone.
15:46 of 1st period - Ethan Moreau is hit by Tyler Bozak and loses puck.
16:13 of 1st period - Jonas Junland is hit by Andy Greene and loses puck.
17:18 of 1st period - Penalty to Nate Guenin is over, Nate Guenin is back on ice.
18:06 of 1st period - Jonas Junland is hit by Matt Jones and loses puck.
18:41 of 1st period - Andrej Meszaros is hit by Rich Peverley and loses puck.
18:48 of 1st period - Chris Neil is hit by Vladimir Orszagh and loses puck.
19:06 of 1st period - Dan Fritsche is hit by Lee Stempniak and loses puck.
19:51 of 1st period - Snap shot by Dustin Boyd.
19:51 of 1st period - Shot Misses the Net.
2nd period
0:01 of 2nd period - Alexander Perezhogin wins face-off versus Brett Maclean in neutral zone.
0:04 of 2nd period - Slapshot by Mike Zigomanis.
0:04 of 2nd period - Shot Misses the Net.
0:51 of 2nd period - Nate Guenin is hit by Jay Beagle and loses puck.
1:28 of 2nd period - Wrist shot by Cody McLeod.
1:28 of 2nd period - Shot Blocked by Andrej Meszaros.
1:30 of 2nd period - Slapshot by Philippe Boucher.
1:30 of 2nd period - Deflect By Vyacheslav Kozlov.
1:30 of 2nd period - Stopped by Barry Brust without a rebound.
1:31 of 2nd period - Mike Zigomanis wins face-off versus Dustin Boyd in River Rats zone.
1:32 of 2nd period - Wrist shot by Alexander Perezhogin.
1:32 of 2nd period - Stopped by Barry Brust with a rebound.
1:34 of 2nd period - Slapshot by Matt Gilroy.
1:34 of 2nd period - Shot Misses the Net.
1:36 of 2nd period - Slapshot by Jonas Junland.
1:36 of 2nd period - Shot Blocked by Chris Mcallister.
1:38 of 2nd period - Snap shot by Vyacheslav Kozlov.
1:38 of 2nd period - Shot Misses the Net.
1:40 of 2nd period - Slapshot by Jonas Junland.
1:40 of 2nd period - Deflect By Vyacheslav Kozlov.
1:40 of 2nd period - Stopped by Barry Brust without a rebound.
1:41 of 2nd period - Dustin Boyd wins face-off versus Mike Zigomanis in River Rats zone.
3:32 of 2nd period - Wrist shot by Nathan Davis.
3:32 of 2nd period - Stopped by Barry Brust with a rebound.
3:34 of 2nd period - Slapshot by Nate Guenin.
3:34 of 2nd period - Shot Blocked by Dustin Boyd.
3:38 of 2nd period - Snap shot by Cody McLeod.
3:38 of 2nd period - Shot Blocked by Jonathan Ericsson.
3:40 of 2nd period - Backhand shot by Tim Crowder.
3:40 of 2nd period - Stopped by Barry Brust with a rebound.
4:35 of 2nd period - Snap shot by Rich Peverley.
4:35 of 2nd period - Stopped by Barry Brust without a rebound.
4:36 of 2nd period - Kyle Chipchura wins face-off versus Rich Peverley in River Rats zone.
5:18 of 2nd period - Wrist shot by Trent Hunter.
5:18 of 2nd period - Deflect By Kyle Chipchura.
5:18 of 2nd period - Shot Hit the Post.
5:18 of 2nd period - Puck is out of play.
5:19 of 2nd period - Mike Zigomanis wins face-off versus Tyler Bozak in Wolves zone.
5:19 of 2nd period - Mike Zigomanis is hit by Andy Greene.
5:32 of 2nd period - Minor Penalty to Mikael Renberg for Holding.
5:33 of 2nd period - Mike Zigomanis wins face-off versus Kyle Chipchura in River Rats zone.
5:34 of 2nd period - Wrist shot by Vyacheslav Kozlov.
5:34 of 2nd period - Stopped by Barry Brust with a rebound.
6:04 of 2nd period - Snap shot by Chris Neil.
6:04 of 2nd period - Deflect By Geoff Sanderson.
6:04 of 2nd period - Shot Hit the Post.
6:04 of 2nd period - Puck is out of play.
6:05 of 2nd period - Kyle Chipchura wins face-off versus Mike Zigomanis in River Rats zone.
6:20 of 2nd period - Wrist shot by Vyacheslav Kozlov.
6:20 of 2nd period - Deflect By Alexander Perezhogin.
6:20 of 2nd period - Shot Misses the Net.
6:20 of 2nd period - Puck is out of play.
6:21 of 2nd period - Alexander Perezhogin wins face-off versus Kyle Chipchura in River Rats zone.
6:22 of 2nd period - Snap shot by Vyacheslav Kozlov.
6:22 of 2nd period - Shot Misses the Net.
6:24 of 2nd period - Wrist shot by Vyacheslav Kozlov.
6:24 of 2nd period - Shot Misses the Net.
6:26 of 2nd period - Slapshot by Bruno Gervais.
6:26 of 2nd period - Stopped by Barry Brust with a rebound.
6:28 of 2nd period - Wrist shot by Mike Zigomanis.
6:28 of 2nd period - Shot Misses the Net.
6:30 of 2nd period - Slapshot by Philippe Boucher.
6:30 of 2nd period - Goal by Philippe Boucher - River Rats : 1 - Wolves : 1.
6:31 of 2nd period - Chris Mcallister wins face-off versus Mike Zigomanis in neutral zone.
6:58 of 2nd period - Andrej Meszaros is hit by Ethan Moreau and loses puck.
7:03 of 2nd period - Snap shot by Dan Fritsche.
7:03 of 2nd period - Stopped by Barry Brust with a rebound.
7:05 of 2nd period - Slapshot by Ethan Moreau.
7:05 of 2nd period - Stopped by Barry Brust with a rebound.
7:07 of 2nd period - Wrist shot by Bruno Gervais.
7:07 of 2nd period - Shot Blocked by Andrej Meszaros.
7:09 of 2nd period - Wrist shot by Ethan Moreau.
7:09 of 2nd period - Shot Misses the Net.
7:11 of 2nd period - Wrist shot by Dan Fritsche.
7:11 of 2nd period - Goal by Dan Fritsche - River Rats : 1 - Wolves : 2.
7:12 of 2nd period - Tyler Bozak wins face-off versus Mike Zigomanis in neutral zone.
7:23 of 2nd period - Snap shot by Tyler Bozak.
7:23 of 2nd period - Stopped by Julien Ellis without a rebound.
7:24 of 2nd period - Dustin Boyd wins face-off versus Mike Zigomanis in Wolves zone.
7:49 of 2nd period - Philippe Boucher is hit by Andrej Meszaros and loses puck.
8:09 of 2nd period - Off-side.
8:10 of 2nd period - Dan Fritsche wins face-off versus Benn Ferriero in neutral zone.
8:15 of 2nd period - Snap shot by Dan Fritsche.
8:15 of 2nd period - Stopped by Barry Brust with a rebound.
8:21 of 2nd period - Andrej Meszaros is hit by Matt Gilroy and loses puck.
8:39 of 2nd period - Snap shot by Milan Bartovic.
8:39 of 2nd period - Stopped by Barry Brust with a rebound.
8:57 of 2nd period - Andy Greene is hit by Dan Fritsche and loses puck.
9:10 of 2nd period - Snap shot by Vladimir Orszagh.
9:10 of 2nd period - Shot Misses the Net.
9:12 of 2nd period - Snap shot by Jonathan Ericsson.
9:12 of 2nd period - Stopped by Julien Ellis with a rebound.
9:14 of 2nd period - Wrist shot by Vladimir Orszagh.
9:14 of 2nd period - Stopped by Julien Ellis without a rebound.
9:15 of 2nd period - Mike Zigomanis wins face-off versus Dustin Boyd in Wolves zone.
9:42 of 2nd period - Bruno Gervais is hit by Jonathan Ericsson and loses puck.
10:01 of 2nd period - Snap shot by Cody McLeod.
10:01 of 2nd period - Shot Misses the Net.
10:05 of 2nd period - Wrist shot by Nathan Davis.
10:05 of 2nd period - Stopped by Barry Brust with a rebound.
10:07 of 2nd period - Slapshot by Philippe Boucher.
10:07 of 2nd period - Deflect By Jonathan Ericsson.
10:07 of 2nd period - Stopped by Barry Brust without a rebound.
10:08 of 2nd period - Dustin Boyd wins face-off versus Mike Zigomanis in River Rats zone.
10:19 of 2nd period - Slapshot by Dustin Boyd.
10:19 of 2nd period - Stopped by Julien Ellis with a rebound.
10:21 of 2nd period - Snap shot by Dustin Boyd.
10:21 of 2nd period - Shot Misses the Net.
10:22 of 2nd period - Minor Penalty to Matt Gilroy for Interference.
10:22 of 2nd period - Minor Penalty to Dustin Boyd for Cross-checking.
10:23 of 2nd period - Tyler Bozak wins face-off versus Mike Zigomanis in Wolves zone.
10:28 of 2nd period - Wrist shot by Lee Stempniak.
10:28 of 2nd period - Shot Misses the Net.
10:30 of 2nd period - Snap shot by Andrej Meszaros.
10:30 of 2nd period - Shot Misses the Net.
10:32 of 2nd period - Slapshot by Jonathan Ericsson.
10:32 of 2nd period - Stopped by Julien Ellis with a rebound.
10:34 of 2nd period - Snap shot by Andrej Meszaros.
10:34 of 2nd period - Deflect By Lee Stempniak.
10:34 of 2nd period - Shot Misses the Net.
10:34 of 2nd period - Puck is out of play.
10:35 of 2nd period - Tyler Bozak wins face-off versus Mike Zigomanis in Wolves zone.
11:23 of 2nd period - Wrist shot by Alexander Perezhogin.
11:23 of 2nd period - Stopped by Barry Brust with a rebound.
11:25 of 2nd period - Wrist shot by Rich Peverley.
11:25 of 2nd period - Goal by Rich Peverley - River Rats : 1 - Wolves : 3.
11:26 of 2nd period - Tyler Bozak wins face-off versus Vyacheslav Kozlov in neutral zone.
11:29 of 2nd period - Slapshot by Andrej Meszaros.
11:29 of 2nd period - Shot Misses the Net.
11:55 of 2nd period - Backhand shot by Tyler Bozak.
11:55 of 2nd period - Stopped by Julien Ellis without a rebound.
11:56 of 2nd period - Rich Peverley wins face-off versus Bryan Bickell in Wolves zone.
12:02 of 2nd period - Off-side.
12:03 of 2nd period - Tyler Bozak wins face-off versus Vyacheslav Kozlov in neutral zone.
12:08 of 2nd period - Snap shot by Lee Stempniak.
12:08 of 2nd period - Stopped by Julien Ellis with a rebound.
12:10 of 2nd period - Snap shot by Jonathan Ericsson.
12:10 of 2nd period - Deflect By Vyacheslav Kozlov.
12:10 of 2nd period - Goal by Jonathan Ericsson - River Rats : 2 - Wolves : 3.
12:11 of 2nd period - Tyler Bozak wins face-off versus Mike Zigomanis in neutral zone.
12:16 of 2nd period - Slapshot by Lee Stempniak.
12:16 of 2nd period - Stopped by Julien Ellis without a rebound.
12:17 of 2nd period - Tyler Bozak wins face-off versus Mike Zigomanis in Wolves zone.
12:22 of 2nd period - Penalty to Matt Gilroy is over, Matt Gilroy is back on ice.
12:22 of 2nd period - Penalty to Dustin Boyd is over, Dustin Boyd is back on ice.
12:40 of 2nd period - Slapshot by Philippe Boucher.
12:40 of 2nd period - Shot Blocked by Andrej Meszaros.
12:46 of 2nd period - Slapshot by Tyler Bozak.
12:46 of 2nd period - Shot Blocked by Bruno Gervais.
12:48 of 2nd period - Wrist shot by Jonathan Ericsson.
12:48 of 2nd period - Shot Blocked by Bruno Gervais.
12:56 of 2nd period - Snap shot by Dustin Boyd.
12:56 of 2nd period - Stopped by Julien Ellis without a rebound.
12:57 of 2nd period - Rich Peverley wins face-off versus Benn Ferriero in Wolves zone.
13:22 of 2nd period - Matt Jones is hit by Dan Fritsche and loses puck.
13:59 of 2nd period - Icing by Nathan Davis.
14:00 of 2nd period - Nathan Davis wins face-off versus Dustin Boyd in Wolves zone.
14:08 of 2nd period - Icing by Chris Mcallister.
14:09 of 2nd period - Mike Zigomanis wins face-off versus Dustin Boyd in River Rats zone.
14:34 of 2nd period - Snap shot by Dustin Boyd.
14:34 of 2nd period - Shot Hit the Post.
14:36 of 2nd period - Wrist shot by Lee Stempniak.
14:36 of 2nd period - Stopped by Julien Ellis with a rebound.
14:38 of 2nd period - Wrist shot by Martin Grenier.
14:38 of 2nd period - Stopped by Julien Ellis without a rebound.
14:39 of 2nd period - Rich Peverley wins face-off versus Tyler Bozak in Wolves zone.
14:39 of 2nd period - Rich Peverley is hit by Andrej Meszaros.
14:52 of 2nd period - Snap shot by Rich Peverley.
14:52 of 2nd period - Deflect By Geoff Sanderson.
14:52 of 2nd period - Goal by Geoff Sanderson - River Rats : 2 - Wolves : 4.
14:53 of 2nd period - Tyler Bozak wins face-off versus Alexander Perezhogin in neutral zone.
15:06 of 2nd period - Snap shot by Mikael Renberg.
15:06 of 2nd period - Shot Misses the Net.
15:18 of 2nd period - Philippe Boucher is hit by Lee Stempniak and loses puck.
15:47 of 2nd period - Slapshot by Vladimir Orszagh.
15:47 of 2nd period - Stopped by Julien Ellis without a rebound.
15:48 of 2nd period - Mike Zigomanis wins face-off versus Tyler Bozak in Wolves zone.
15:48 of 2nd period - Mike Zigomanis is hit by Mikael Renberg.
16:42 of 2nd period - Slapshot by Vladimir Orszagh.
16:42 of 2nd period - Shot Misses the Net.
16:47 of 2nd period - Off-side.
16:48 of 2nd period - Mike Zigomanis wins face-off versus Tyler Bozak in neutral zone.
17:03 of 2nd period - Slapshot by Alexander Perezhogin.
17:03 of 2nd period - Stopped by Barry Brust with a rebound.
17:38 of 2nd period - Lee Stempniak is hit by Dan Fritsche.
18:07 of 2nd period - Minor Penalty to Martin Grenier for Interference.
18:08 of 2nd period - Kyle Chipchura wins face-off versus Mike Zigomanis in River Rats zone.
18:36 of 2nd period - Off-side.
18:37 of 2nd period - Kyle Chipchura wins face-off versus Dan Fritsche in neutral zone.
18:52 of 2nd period - Snap shot by Alexander Perezhogin.
18:52 of 2nd period - Shot Misses the Net.
19:18 of 2nd period - Snap shot by Marc-André Gragnani.
19:18 of 2nd period - Stopped by Barry Brust without a rebound.
19:19 of 2nd period - Mike Zigomanis wins face-off versus Lee Stempniak in River Rats zone.
19:56 of 2nd period - Kyle Chipchura is hit by Chris Neil and loses puck.
3rd period
0:01 of 3rd period - Kyle Chipchura wins face-off versus Mike Zigomanis in neutral zone.
0:07 of 3rd period - Penalty to Martin Grenier is over, Martin Grenier is back on ice.
0:26 of 3rd period - Bruno Gervais is hit by Chris Mcallister and loses puck.
0:33 of 3rd period - Jonathan Ericsson is hit by Chris Neil and loses puck.
0:52 of 3rd period - Nate Guenin is hit by Jonathan Ericsson and loses puck.
1:11 of 3rd period - Wrist shot by Milan Bartovic.
1:11 of 3rd period - Shot Misses the Net.
1:13 of 3rd period - Snap shot by Dan Fritsche.
1:13 of 3rd period - Stopped by Barry Brust with a rebound.
1:15 of 3rd period - Snap shot by Dan Fritsche.
1:15 of 3rd period - Stopped by Barry Brust with a rebound.
1:17 of 3rd period - Snap shot by Milan Bartovic.
1:17 of 3rd period - Shot Misses the Net.
1:28 of 3rd period - Off-side.
1:29 of 3rd period - Mike Zigomanis wins face-off versus Kyle Chipchura in neutral zone.
2:15 of 3rd period - Slapshot by Jonas Junland.
2:15 of 3rd period - Stopped by Barry Brust with a rebound.
2:55 of 3rd period - Slapshot by Jonas Junland.
2:55 of 3rd period - Shot Blocked by Martin Grenier.
2:58 of 3rd period - Minor Penalty to Matt Gilroy for Holding.
2:58 of 3rd period - Minor Penalty to Trent Hunter for Interference.
2:59 of 3rd period - Tyler Bozak wins face-off versus Dan Fritsche in neutral zone.
3:13 of 3rd period - Wrist shot by Dan Fritsche.
3:13 of 3rd period - Stopped by Barry Brust with a rebound.
3:15 of 3rd period - Slapshot by Marc-André Gragnani.
3:15 of 3rd period - Stopped by Barry Brust with a rebound.
4:06 of 3rd period - Bruno Gervais is hit by Jonathan Ericsson.
4:07 of 3rd period - Icing by Bruno Gervais.
4:08 of 3rd period - Mike Zigomanis wins face-off versus Tyler Bozak in Wolves zone.
4:58 of 3rd period - Penalty to Matt Gilroy is over, Matt Gilroy is back on ice.
4:58 of 3rd period - Penalty to Trent Hunter is over, Trent Hunter is back on ice.
5:11 of 3rd period - Snap shot by Andy Greene.
5:11 of 3rd period - Stopped by Julien Ellis without a rebound.
5:12 of 3rd period - Kyle Chipchura wins face-off versus Rich Peverley in Wolves zone.
5:24 of 3rd period - Off-side.
5:25 of 3rd period - Rich Peverley wins face-off versus Lee Stempniak in neutral zone.
5:37 of 3rd period - Minor Penalty to Chris Mcallister for Interference.
5:38 of 3rd period - Mike Zigomanis wins face-off versus Mikael Renberg in River Rats zone.
7:37 of 3rd period - Penalty to Chris Mcallister is over, Chris Mcallister is back on ice.
7:48 of 3rd period - Martin Grenier is hit by Tim Crowder and loses puck.
8:03 of 3rd period - Jonas Junland is hit by Andy Greene and loses puck.
9:16 of 3rd period - Icing by Mikael Renberg.
9:17 of 3rd period - Rich Peverley wins face-off versus Tyler Bozak in River Rats zone.
9:18 of 3rd period - Wrist shot by Geoff Sanderson.
9:18 of 3rd period - Stopped by Barry Brust without a rebound.
9:19 of 3rd period - Dan Fritsche wins face-off versus Dustin Boyd in River Rats zone.
9:22 of 3rd period - Snap shot by Milan Bartovic.
9:22 of 3rd period - Shot Blocked by Niklas Hjalmarsson.
9:24 of 3rd period - Wrist shot by Bruno Gervais.
9:24 of 3rd period - Shot Blocked by Chris Mcallister.
9:26 of 3rd period - Slapshot by Philippe Boucher.
9:26 of 3rd period - Stopped by Barry Brust with a rebound.
9:28 of 3rd period - Slapshot by Ethan Moreau.
9:28 of 3rd period - Deflect By Dustin Boyd.
9:28 of 3rd period - Shot Misses the Net.
9:28 of 3rd period - Puck is out of play.
9:29 of 3rd period - Alexander Perezhogin wins face-off versus Dustin Boyd in River Rats zone.
9:30 of 3rd period - Snap shot by Vyacheslav Kozlov.
9:30 of 3rd period - Shot Blocked by Niklas Hjalmarsson.
9:48 of 3rd period - Slapshot by Matt Jones.
9:48 of 3rd period - Stopped by Julien Ellis with a rebound.
10:10 of 3rd period - Icing by Lee Stempniak.
10:11 of 3rd period - Tyler Bozak wins face-off versus Dan Fritsche in River Rats zone.
10:11 of 3rd period - Tyler Bozak is hit by Milan Bartovic.
10:39 of 3rd period - Slapshot by Vladimir Orszagh.
10:39 of 3rd period - Stopped by Julien Ellis with a rebound.
10:41 of 3rd period - Wrist shot by Benn Ferriero.
10:41 of 3rd period - Stopped by Julien Ellis without a rebound.
10:42 of 3rd period - Mike Zigomanis wins face-off versus Dustin Boyd in Wolves zone.
10:42 of 3rd period - Mike Zigomanis is hit by Chris Mcallister.
10:59 of 3rd period - Minor Penalty to Andy Greene for Holding.
11:00 of 3rd period - Alexander Perezhogin wins face-off versus Kyle Chipchura in River Rats zone.
11:25 of 3rd period - Niklas Hjalmarsson is hit by Chris Neil and loses puck.
11:51 of 3rd period - Off-side.
11:52 of 3rd period - Mike Zigomanis wins face-off versus Lee Stempniak in neutral zone.
12:59 of 3rd period - Penalty to Andy Greene is over, Andy Greene is back on ice.
13:20 of 3rd period - Slapshot by Mikael Renberg.
13:20 of 3rd period - Shot Blocked by Philippe Boucher.
13:46 of 3rd period - Snap shot by Cody McLeod.
13:46 of 3rd period - Shot Misses the Net.
14:25 of 3rd period - Slapshot by Mikael Renberg.
14:25 of 3rd period - Shot Blocked by Jonas Junland.
14:52 of 3rd period - Snap shot by Matt Gilroy.
14:52 of 3rd period - Stopped by Barry Brust with a rebound.
15:21 of 3rd period - Snap shot by Mikael Renberg.
15:21 of 3rd period - Shot Misses the Net.
15:23 of 3rd period - Snap shot by Bryan Bickell.
15:23 of 3rd period - Stopped by Julien Ellis with a rebound.
15:39 of 3rd period - Backhand shot by Mikael Renberg.
15:39 of 3rd period - Shot Misses the Net.
15:41 of 3rd period - Slapshot by Bryan Bickell.
15:41 of 3rd period - Shot Misses the Net.
15:43 of 3rd period - Slapshot by Andrej Meszaros.
15:43 of 3rd period - Shot Misses the Net.
15:45 of 3rd period - Wrist shot by Mikael Renberg.
15:45 of 3rd period - Stopped by Julien Ellis without a rebound.
15:46 of 3rd period - Benn Ferriero wins face-off versus Dan Fritsche in Wolves zone.
15:53 of 3rd period - Snap shot by Vladimir Orszagh.
15:53 of 3rd period - Stopped by Julien Ellis without a rebound.
15:54 of 3rd period - Dan Fritsche wins face-off versus Benn Ferriero in Wolves zone.
15:54 of 3rd period - Dan Fritsche is hit by Vladimir Orszagh.
16:09 of 3rd period - Minor Penalty to Martin Grenier for Interference.
16:10 of 3rd period - Dustin Boyd wins face-off versus Mike Zigomanis in River Rats zone.
18:09 of 3rd period - Penalty to Martin Grenier is over, Martin Grenier is back on ice.
18:25 of 3rd period - Matt Gilroy is hit by Martin Grenier and loses puck.
18:47 of 3rd period - Jonathan Ericsson is hit by Rich Peverley and loses puck.
19:04 of 3rd period - Backhand shot by Milan Bartovic.
19:04 of 3rd period - Stopped by Barry Brust without a rebound.
19:05 of 3rd period - Vyacheslav Kozlov wins face-off versus Tyler Bozak in River Rats zone.
Output by the SimonT Hockey Simulator (STHS) for François Prévost -- Original Page W3C XHTML 1.0 Valid